 Dungeon Crawl Stone Soup version 0.19-a0-1932-g59670f6 (webtiles) character file.

11331 varam the Destroyer (level 11, -2/64 HPs)
             Began as a Deep Elf Conjurer on Oct 25, 2016.
             Was an Elder of Vehumet.
             Slain by a black mamba (19 damage)
             ... on level 1 of the Lair of Beasts on Oct 26, 2016.
             The game lasted 00:58:16 (11293 turns).

varam the Destroyer (Deep Elf Conjurer)            Turns: 11293, Time: 00:58:17

Health: -2/64      AC:  8    Str:  5    XL:     11   Next: 47%
Magic:  0/25       EV: 16    Int: 22    God:    Vehumet [****..]
Gold:   443        SH:  0    Dex: 17    Spells: 7 memorised, 11 levels left

rFire  + . .     SeeInvis .     U - +1 dagger (elec)
rCold  . . .     Gourm    .     s - +1 robe {rF+}
rNeg   . . .     Faith    .     (no shield)
rPois  .         Spirit   .     (no helmet)
rElec  .         Reflect  .     (no cloak)
rCorr  .         Harm     .     (no gloves)
MR     ++...                    (no boots)
Stlth  +++.......               (no amulet)
                                F - ring of protection from magic
                                e - +5 ring of protection

@: lethally poisoned (-2 -> -8)
A: hooves 2, thin skeletal structure 1, dopey 1
a: Renounce Religion


You were on level 1 of the Lair of Beasts.
You worshipped Vehumet.
Vehumet was greatly pleased with you.
You were not hungry.

You visited 3 branches of the dungeon, and saw 13 of its levels.
You also visited: Sewer.

You collected 631 gold pieces.
You spent 188 gold pieces at shops.

Inventory:

Hand Weapons
 o - a +0 dagger
 z - a +0 lajatang
 G - a +1 short sword of electrocution
 P - a +1 short sword of freezing
 Q - a +4 falchion of freezing
 S - the +8 mace "Lipru" {drain, +Blink +Rage}
   (You found it on level 8 of the Dungeon)

   A truly terrible weapon, it drains the life of those it strikes.
   It lets you blink.
   It lets you go berserk.
 U - a +1 dagger of electrocution (weapon)
Armour
 j - a +0 buckler
 s - a +1 robe of fire resistance (worn)
Jewellery
 d - an uncursed ring of ice {unknown}
 e - a +5 ring of protection (left hand)
 A - an uncursed amulet of faith
 F - a ring of protection from magic (right hand)
 W - a +2 ring of dexterity
Wands
 r - a wand of slowing (16/48)
 E - a wand of iceblast (5/15)
 H - a wand of disintegration (7/24)
 M - a wand of lightning (10/15)
Scrolls
 g - 7 scrolls of teleportation
 i - 3 scrolls of remove curse {@r2}
 n - 2 scrolls of enchant armour {unknown}
 v - a scroll of identify {@r1}
 x - 4 scrolls of amnesia
 y - 2 scrolls of noise {unknown}
 B - 4 scrolls of immolation
 C - a scroll of magic mapping {unknown}
 I - 2 scrolls of enchant weapon {unknown}
 L - a scroll of fog {unknown}
 O - a scroll of recharging {unknown}
Potions
 a - 2 potions of berserk rage {unknown}
 f - 4 potions of heal wounds
 h - 2 potions of flight {unknown}
 m - 3 potions of agility
 p - 4 potions of resistance
 q - 9 potions of curing {unknown}
 t - a potion of ambrosia {unknown}
 u - 2 potions of lignification
 w - 2 potions of haste
Comestibles
 b - 5 chunks of flesh
 c - 8 bread rations
 k - 5 meat rations
 l - 4 beef jerkies
 D - a slice of pizza


   Skills:
 - Level 6.0 Fighting
 - Level 6.0 Dodging
 - Level 2.6 Stealth
 + Level 3.9 Shields
 - Level 8.5 Spellcasting
 * Level 13.0 Conjurations
 + Level 11.4 Charms


You had 11 spell levels left.
You knew the following spells:

 Your Spells              Type           Power        Failure   Level  Hunger
a - Magic Dart            Conj           ####         1%          1    None
b - Iskenderun's Mystic   Conj           ######..     1%          4    ###....
c - Iskenderun's Battles  Conj/Chrm      ######..     1%          5    #####..
d - Sting                 Conj/Pois      ####         1%          1    None
e - Shock                 Conj/Air       ####         1%          1    None
f - Static Discharge      Conj/Air       #####...     1%          3    None
g - Summon Butterflies    Summ           #.......     10%         1    None


Dungeon Overview and Level Annotations

Branches:
Dungeon (11/15)            Temple (1/1) D:4            Lair (1/6) D:10
    Orc (0/2) D:10

Altars:
Ashenzari
Cheibriados
Dithmenos
Elyvilon
Fedhas
Gozag
Hepliaklqana
Kikubaaqudgha
Makhleb
Nemelex Xobeh
Okawaru
Qazlal
Ru
Sif Muna
Trog
Uskayaw
Vehumet
Xom
Yredelemnul
Zin
The Shining One

Shops:
D:6 *

Annotations:
D:5 Leszczynek's ghost, amateur DsMo
D:7 varam's ghost, novice TrMo


Innate Abilities, Weirdness & Mutations

You have hoof-like feet.
You have a somewhat thin skeletal structure. (Dex +2, Stealth)
You are dopey. (Int -2)


Message History

Aiming: Sting
Press: ? - help, Shift-Dir - straight line, f/p - black mamba
Aim: a black mamba (moderately wounded)
The sting misses the black mamba.
You feel sick. The black mamba closely misses you.
The black mamba barely misses you.
Casting: Sting
Confirm with . or Enter, or press ? or * to list all spells.
Aiming: Sting
Press: ? - help, Shift-Dir - straight line, f/p - black mamba
Aim: a black mamba (moderately wounded)
The sting hits the black mamba.
The black mamba is moderately wounded.
You feel sick. The black mamba closely misses you.
Casting: Sting
Confirm with . or Enter, or press ? or * to list all spells.
Aiming: Sting
Press: ? - help, Shift-Dir - straight line, f/p - black mamba
Aim: a black mamba (moderately wounded)
The sting misses the black mamba.
You feel sick. The black mamba bites you!!
You die...

..# ##..# #. #....#
+.####### ###...##
.#.......# #......#
.........# #......#
#.......######......#
#.........S@........#
#...†.....#.#.......#
..#.†....#####.......#
..........# ###...###
..#.####.## ##.## +
### #.# #.# #.# ##.#


You could see a black mamba.

Vanquished Creatures
  The ghost of p0werm0de the Slicer, a novice DsAs of Ashenzari (D:9)
  A hill giant (D:10)
  2 ugly things (D:10)
  A spiny frog (Lair:1)
  A komodo dragon (Lair:1)
  2 trolls (D:10)
  Grinder (D:3)
  A two-headed ogre (D:8)
  6 hippogriffs
  Sigmund (D:3)
  A spriggan (D:10)
  5 yaks
  The ghost of p0werm0de the Ruffian, an amateur NaWn (D:3)
  A warg (D:10)
  5 water moccasins
  8 orc warriors
  A porcupine (Lair:1)
  3 sky beasts
  Purgy (Sewer)
  An eye of draining (D:10)
  3 ice beasts
  4 phantoms
  5 ogres
  4 centaurs
  2 crocodiles
  5 bullfrogs
  6 scorpions
  A killer bee (D:10)
  A howler monkey (D:4)
  4 electric eels
  4 wights (D:8)
  3 crimson imps
  2 quasits
  A bullfrog zombie (D:6)
  2 bullfrog skeletons (D:5)
  3 hounds
  2 jellies
  5 orc priests
  A centaur skeleton (D:8)
  Jessica (D:3)
  3 iguanas
  10 orc wizards
  5 worker ants
  A hound zombie (D:8)
  Robin (D:2)
  15 gnolls
  3 river rats (D:10)
  7 adders
  A shadow imp (D:6)
  An ooze (D:3)
  An adder skeleton (D:6)
  A worm (D:3)
  4 dart slugs
  10 leopard geckos
  37 orcs
  4 giant cockroaches
  22 goblins
  13 hobgoblins
  5 jackals
  2 quokkas
  A ball python (D:4)
  20 bats
  5 frilled lizards
  7 kobolds
  16 rats
298 creatures vanquished.

Vanquished Creatures (others)
  3 fungi (D:10)
  A plant (D:10)
4 creatures vanquished.

Grand Total: 302 creatures vanquished

Notes
Turn   | Place    | Note
-------+----------+-------------------------------------------
     0 | D:1      | varam the Deep Elf Conjurer began the quest for the Orb.
     0 | D:1      | Reached XP level 1. HP: 10/10 MP: 6/6
    69 | D:1      | You fall through a shaft!
    98 | D:1      | Reached XP level 2. HP: 8/15 MP: 0/8
   919 | D:1      | Reached skill level 5 in Conjurations
  1132 | D:2      | Reached XP level 3. HP: 19/19 MP: 8/10
  1408 | D:2      | Reached skill level 1 in Fighting
  1620 | D:2      | Noticed Robin
  1628 | D:2      | Killed Robin
  1628 | D:2      | Reached XP level 4. HP: 16/25 MP: 1/12
  1977 | D:3      | Found a snail-covered altar of Cheibriados.
  1997 | D:3      | Learned a level 4 spell: Iskenderun's Mystic Blast
  2012 | D:3      | Noticed a bullfrog
  2014 | D:3      | Killed a bullfrog
  2014 | D:3      | Reached XP level 5. HP: 29/29 MP: 2/13
  2085 | D:3      | Reached skill level 6 in Conjurations
  2162 | D:3      | Noticed Sigmund
  2166 | D:3      | Killed Sigmund
  2166 | D:3      | Reached skill level 5 in Spellcasting
  2166 | D:3      | Reached XP level 6. HP: 35/35 MP: 0/15
  2304 | D:3      | Noticed Grinder
  2342 | D:3      | Noticed p0werm0de's ghost (amateur NaWn)
  2762 | D:3      | Learned a level 5 spell: Iskenderun's Battlesphere
  2880 | D:3      | Found a basalt altar of Yredelemnul.
  2880 | D:3      | Noticed Jessica
  2882 | D:3      | Killed Jessica
  3135 | D:3      | Killed Grinder
  3135 | D:3      | Reached skill level 7 in Conjurations
  3135 | D:3      | Reached XP level 7. HP: 33/40 MP: 0/17
  3324 | D:3      | Killed p0werm0de's ghost
  3892 | D:4      | Found a staircase to the Ecumenical Temple.
  3897 | Temple   | Entered the Ecumenical Temple
  3966 | Temple   | Became a worshipper of Vehumet
  4114 | D:4      | Found a glowing drain.
  4157 | Sewer    | Entered a sewer
  4196 | Sewer    | Noticed Purgy
  4199 | Sewer    | Killed Purgy
  4199 | Sewer    | Reached skill level 8 in Conjurations
  4199 | Sewer    | Reached XP level 8. HP: 46/46 MP: 5/19
  4288 | D:4      | Reached skill level 5 in Charms
  4685 | D:5      | Entered Level 5 of the Dungeon
  5111 | D:5      | Noticed Leszczynek's ghost (amateur DsMo)
  6070 | D:6      | Found Soc Nor's General Store.
  6078 | D:6      | Bought a +1 short sword of electrocution for 188 gold pieces
  6278 | D:6      | Reached skill level 9 in Conjurations
  6325 | D:6      | Gained mutation: You are dopey. (Int -2) [mutagenic meat]
  6326 | D:6      | Gained mutation: You have a somewhat thin skeletal structure. (Dex +2, Stealth) [mutagenic meat]
  6788 | D:6      | Reached XP level 9. HP: 52/52 MP: 9/22
  6799 | D:6      | Reached * piety under Vehumet
  6799 | D:6      | Offered knowledge of Sting by Vehumet.
  6802 | D:6      | Learned a level 1 spell: Sting
  7240 | D:7      | Found an iron altar of Okawaru.
  7328 | D:7      | Reached skill level 10 in Conjurations
  7528 | D:7      | Noticed varam's ghost (novice TrMo)
  7983 | D:7      | Offered knowledge of Shock by Vehumet.
  7986 | D:7      | Learned a level 1 spell: Shock
  8026 | D:7      | Reached ** piety under Vehumet
  8404 | D:8      | Got a transparent mace
  8405 | D:8      | Identified the +8 mace "Lipru" {drain, +Blink +Rage} (You found it on level 8 of the Dungeon)
  8423 | D:8      | Reached skill level 5 in Fighting
  8425 | D:8      | Reached XP level 10. HP: 47/59 MP: 12/24
  8520 | D:8      | Found a white marble altar of Elyvilon.
  8601 | D:8      | Reached skill level 11 in Conjurations
  8819 | D:8      | Offered knowledge of Static Discharge by Vehumet.
  8828 | D:8      | Learned a level 3 spell: Static Discharge
  9440 | D:9      | Noticed p0werm0de's ghost (novice DsAs)
  9540 | D:9      | Reached skill level 1 in Shields
  9542 | D:9      | Reached *** piety under Vehumet
  9593 | D:9      | Reached skill level 10 in Charms
  9656 | D:9      | Killed p0werm0de's ghost
  9694 | D:9      | Learned a level 1 spell: Summon Butterflies
  9753 | D:10     | Entered Level 10 of the Dungeon
  9760 | D:10     | Noticed a brown ugly thing
  9774 | D:10     | Killed a brown ugly thing
  9774 | D:10     | Reached skill level 5 in Dodging
  9778 | D:10     | Gained mutation: You are frail. (-10% HP) [mutagenic meat]
  9779 | D:10     | Gained mutation: Your spells are a little easier to cast, but a little less powerful. [mutagenic meat]
  9781 | D:10     | Gained mutation: You are very frail. (-20% HP) [mutagenic meat]
  9785 | D:10     | Gained mutation: Your spells are easier to cast, but less powerful. [potion of mutation]
  9785 | D:10     | Gained mutation: You evolve. [potion of mutation]
  9788 | D:10     | Lost mutation: Your spells are easier to cast, but less powerful. [potion of cure mutation]
  9788 | D:10     | Lost mutation: Your spells are a little easier to cast, but a little less powerful. [potion of cure mutation]
  9788 | D:10     | Lost mutation: You are very frail. (-20% HP) [potion of cure mutation]
  9788 | D:10     | Lost mutation: You evolve. [potion of cure mutation]
  9795 | D:10     | Reached skill level 12 in Conjurations
  9971 | D:10     | Noticed a green ugly thing
  9976 | D:10     | Killed a green ugly thing
  9978 | D:10     | Offered knowledge of Throw Icicle by Vehumet.
 10014 | D:10     | Reached XP level 11. HP: 43/57 MP: 16/25
 10193 | D:10     | Noticed a hill giant
 10312 | D:10     | Killed a hill giant
 10312 | D:10     | Reached **** piety under Vehumet
 10490 | D:10     | Found a staircase to the Orcish Mines.
 10497 | D:10     | Offered knowledge of Ignite Poison by Vehumet.
 10857 | D:10     | Found a staircase to the Lair.
 11105 | D:10     | Gained mutation: You have large cloven feet. [mutagenic meat]
 11107 | D:10     | Gained mutation: You have hoof-like feet. [mutagenic meat]
 11108 | D:10     | Lost mutation: You are frail. (-10% HP) [mutagenic meat]
 11155 | Lair:1   | Entered Level 1 of the Lair of Beasts
 11283 | Lair:1   | Reached skill level 13 in Conjurations
 11293 | Lair:1   | Slain by a black mamba

Vault maps used:
D:1:      dpeg_arrival_tiny_k, serial_bayou_lake_a
D:2:      kennysheep_big_flooded_room, minmay_pentomino_v2, uniq_robin
D:3:      cheibriados_altar_wand_db, yredelemnul_altar_generic, uniq_grinder,
          uniq_sigmund, uniq_jessica
D:4:      portal_sewer_entry_f, first_bread, st_stairs_10
D:6:      serial_shops, shop, kennysheep_decorative_pillar
D:7:      kennysheep_okawaru_gauntlet
D:8:      elyvilon_altar_5
D:10:     grunt_lair_entry_orc_guard_hut, erik_orc_3, grunt_ministairs_8,
          the_bakery, serial_bayou_ford_a, roderic_chinese_pattern_swastika
D:11:     uniq_josephine
Temple:   compressed_dpeg_circular_temple
Lair:1:   grunt_megastairs_3, lemuel_fruit_tree, infiniplex_staircase_pool
Sewer:    sewer_big_baddie

Skill      XL: |  1  2  3  4  5  6  7  8  9 10 11 |
---------------+----------------------------------+-----
Conjurations   | 5 6 7 8 9 10 12 13 | 13.0
Fighting       | 1 2 3 4 5 6 |  6.0
Spellcasting   | 4 5 6 7 8 |  8.5
Charms         | 3 4 7 9 10 11 | 11.4
Dodging        | 3 5 6 |  6.0
Shields        | 2 3 |  3.9
Stealth        | |  2.6

Action                   |  1- 3 |  4- 6 |  7- 9 | 10-12 || total
-------------------------+-------+-------+-------+-------++-------
Melee: Unarmed           |     2 |    17 |       |       ||    19
       Dagger            |       |    29 |    13 |    38 ||    80
       Short sword       |       |       |    12 |       ||    12
       Lajatang          |       |       |     5 |       ||     5
 Cast: Magic Dart        |    70 |    72 |   176 |   201 ||   519
       Iskenderun's Myst |       |    14 |    47 |    30 ||    91
       Iskenderun's Batt |       |       |    22 |    36 ||    58
       Sting             |       |       |    11 |     6 ||    17
       Shock             |       |       |       |     4 ||     4
  Use: Scroll            |       |       |     5 |     6 ||    11
       Potion            |       |       |       |     4 ||     4
 Stab: Sleeping          |     2 |     1 |       |     2 ||     5
  Eat: Chunk             |     2 |     6 |    18 |    27 ||    53
       Bread ration      |       |       |     2 |       ||     2
       Royal jelly       |       |       |     1 |       ||     1
Armor: Robe              |    49 |    21 |    20 |    57 ||   147
Dodge: Dodged            |   104 |    45 |    57 |   204 ||   410
